 Dungeon Crawl Stone Soup version 0.21-a0-215-g0631661 (webtiles) character file.

317 Leszczynek the Ruffian (level 6, -3/55 HPs)
             Began as a Troll Skald on Aug 22, 2017.
             Was an Initiate of Makhleb.
             Slain by an orc warrior
             ... wielding a +0 dire flail
              (23 damage)
             ... on level 6 of the Dungeon.
             The game lasted 00:05:58 (1291 turns).

Leszczynek the Ruffian (Troll Skald)                Turns: 1291, Time: 00:05:59

Health: -3/55      AC:  5    Str: 20    XL:     6   Next: 20%
Magic:  2/6        EV: 10    Int: 15    God:    Makhleb [......]
Gold:   131        SH:  0    Dex: 10    Spells: 4/7 levels left

rFire    . . .     SeeInvis .     - Unarmed
rCold    . . .     Gourm    +   (no shield)
rNeg     . . .     Faith    .   a - +0 robe
rPois    .         Spirit   .   (helmet restricted)
rElec    .         Reflect  .   (no cloak)
rCorr    .         Harm     .   (gloves unavailable)
MR       .....                  (boots unavailable)
Stlth    +.........             (no amulet)
HPRegen  0.58/turn              (no ring)
MPRegen  0.10/turn              (no ring)

@: brilliant, very slightly contaminated, invisible
A: unfitting armour, claws 3, fast metabolism 3, gourmand, regeneration 1,
shaggy fur 1, tough skin 2
a: Renounce Religion


You were on level 6 of the Dungeon.
You worshipped Makhleb.
Makhleb was noncommittal.
You were very full.

You visited 2 branches of the dungeon, and saw 7 of its levels.

You collected 131 gold pieces.

Inventory:

Hand Weapons
 h - a +0 hunting sling
Missiles
 e - 67 bolts
 o - 3 steel tomahawks (quivered)
 q - 22 sling bullets
Armour
 a - a +0 robe (worn)
Scrolls
 f - a scroll of enchant armour {unknown}
 k - a scroll of identify {unknown}
 l - a scroll of recharging {unknown}
 m - a scroll of enchant weapon {unknown}
 n - 3 scrolls of teleportation {unknown}
 p - 3 scrolls of remove curse {unknown}
Potions
 g - a potion of haste {unknown}
 i - a potion of mutation {unknown}
 j - a potion of brilliance
Books
 b - a book of Battle

   Spells                             Type                      Level
   a - Infusion                       Charms                       1
   b - Shroud of Golubria             Charms/Translocation         2
   c - Song of Slaying                Charms                       2
   d - Spectral Weapon                Hexes/Charms                 3
   e - Regeneration                   Charms/Necromancy            3
Comestibles
 c - 4 meat rations
 d - 3 bread rations
 r - 3 chunks of flesh


   Skills:
 - Level 1.5 Fighting
 - Level 1.9 Dodging
 + Level 6.6 Unarmed Combat
 - Level 1.2 Spellcasting
 - Level 2.0 Charms


You had 4 spell levels left.
You knew the following spells:

 Your Spells              Type           Power        Failure   Level  Hunger
a - Infusion              Chrm           ###.         1%          1    ##.....
b - Shroud of Golubria    Chrm/Tloc      ##........   3%          2    ###....


Dungeon Overview and Level Annotations

Branches:
Dungeon (6/15)             Temple (1/1) D:5

Altars:
Ashenzari
Cheibriados
Elyvilon
Gozag
Makhleb
Nemelex Xobeh
Okawaru
Qazlal
Ru
Uskayaw
Zin
The Shining One


Innate Abilities, Weirdness & Mutations

You are too large for most types of armour.
You have claws for hands.
Your metabolism is lightning-fast.
You like to eat raw meat.
Your natural rate of healing is unusually fast.
You are covered in fur. (AC +1)
You have very tough skin. (AC +2)


Message History

You barely miss the orc warrior.
The orc warrior is severely wounded.
You scratch the orc warrior but do no damage.
The orc warrior is severely wounded.
The orc warrior closely misses you.
You closely miss the orc warrior.
The orc warrior is severely wounded.
The orc warrior hits you with a dire flail!
You scratch the orc warrior.
The orc warrior is severely wounded.
The orc warrior barely misses you.
An orc wizard comes into view. It is wielding a dagger.
The orc wizard shouts!
It was a potion of brilliance.
You feel clever all of a sudden.
The orc warrior hits you with a dire flail.
It was a potion of invisibility.
You fade into invisibility!
The orc warrior hits you with a dire flail!!
You die...

####### ......##
###.....###
#.......@.#
#[#....o#o#
#<##...##.#
#.###)###.###.#
#.........# #)#
#########.##..# #.#
....## #.##..# #.#
##...####.##..# #.#
#.#.[..##.(...###.#


You could see an orc warrior and an orc wizard.

Vanquished Creatures
  An ogre (D:5)
  A bullfrog zombie (D:6)
  2 hounds
  A bullfrog skeleton (D:4)
  An iguana (D:6)
  A worker ant (D:4)
  2 adders
  An adder skeleton (D:4)
  A worm (D:3)
  A dart slug (D:2)
  3 leopard geckos
  5 orcs
  A bat (D:2)
  A giant cockroach (D:6)
  3 goblins
  A hobgoblin (D:3)
  7 jackals
  2 frilled lizards
  A quokka skeleton (D:5)
36 creatures vanquished.

Notes
Turn   | Place    | Note
-------+----------+-------------------------------------------
     0 | D:1      | Leszczynek the Troll Skald began the quest for the Orb.
     0 | D:1      | Reached XP level 1. HP: 19/19 MP: 1/1
   166 | D:2      | Reached XP level 2. HP: 25/27 MP: 2/2
   195 | D:2      | Learned a level 2 spell: Shroud of Golubria
   205 | D:1      | Reached skill level 3 in Unarmed Combat
   339 | D:2      | Reached XP level 3. HP: 33/33 MP: 0/3
   444 | D:4      | Reached skill level 4 in Unarmed Combat
   516 | D:5      | Entered Level 5 of the Dungeon
   591 | D:5      | Reached XP level 4. HP: 40/41 MP: 4/4
   656 | D:5      | Found a staircase to the Ecumenical Temple.
   672 | Temple   | Entered the Ecumenical Temple
   679 | Temple   | Became a worshipper of Makhleb the Destroyer
   771 | D:6      | Reached skill level 5 in Unarmed Combat
   801 | D:6      | Reached XP level 5. HP: 40/48 MP: 5/5
   828 | D:5      | Noticed an ogre
   891 | D:6      | Noticed an orc warrior
  1052 | D:4      | Reached skill level 6 in Unarmed Combat
  1121 | D:5      | Killed an ogre
  1121 | D:5      | Reached XP level 6. HP: 55/55 MP: 3/6
  1291 | D:6      | Slain by an orc warrior

Vault maps used:
D:1:      dpeg_arrival_boxorama
D:2:      first_bread, uniq_crazy_yiuf_cottage
D:3:      lemuel_crystal_altar, chequers_ecumenical_altar_grove, uniq_terence
D:4:      minivault_5, abandoned_shop, uniq_duvessa
D:5:      minmay_temple_entry_mist
Temple:   nicolae_temple_no_exploring_needed

Skill      XL: |  1  2  3  4  5 |
---------------+----------------+-----
Unarmed Combat | 3 4 5 6 |  6.6
Fighting       | |  1.5
Dodging        | |  1.9
Spellcasting   | |  1.2
Charms         | |  2.0

Action                   |  1- 3 |  4- 6 || total
-------------------------+-------+-------++-------
Melee: Unarmed           |    94 |    56 ||   150
       Punch             |     2 |       ||     2
Throw: Tomahawk          |       |     2 ||     2
 Cast: Shroud of Golubri |     1 |     5 ||     6
  Use: Potion            |       |     2 ||     2
  Eat: Chunk             |     9 |     9 ||    18
Armor: Robe              |    32 |    12 ||    44
Dodge: Dodged            |    50 |    23 ||    73

Table legend:
 A = Spawn XP
 B = Non-spawn XP
 C = Spawn XP percentage of total XP
 D = Spawn monster count
 E = Non-spawn monster count
 F = Spawn count percentage of total count
 G = Total turns spent on level
                    A         B        C        D         E        F      G
               +---------+---------+-------+---------+---------+-------+---------
         Total |       2 |     451 |   0.4 |       1 |      35 |   2.8 |  1291
               +---------+---------+-------+---------+---------+-------+---------
           D:1 |       2 |      15 |  11.8 |       1 |       7 |  12.5 |   187
           D:2 |       0 |      25 |   0.0 |       0 |       5 |   0.0 |   169
           D:3 |       0 |      15 |   0.0 |       0 |       6 |   0.0 |    63
           D:4 |       0 |     134 |   0.0 |       0 |       5 |   0.0 |   222
           D:5 |       0 |     166 |   0.0 |       0 |       5 |   0.0 |   379
           D:6 |       0 |      96 |   0.0 |       0 |       7 |   0.0 |   255
               +---------+---------+-------+---------+---------+-------+---------
